 Dungeon Sprint DCSS version 0.31-a0-232-gb1c03b2570 (webtiles) character file.

Game seed: 1868235920293385183

836 coffeetime the Grappler (level 7, -10/80 HPs)
             Began as a Troll Berserker on July 7, 2023.
             Was an Elder of Trog.
             Mangled by a sun demon (25 damage)
             ... summoned by a kobold demonologist
             ... in the Dungeon (Sprint IX: "|||||||||||||||||||||||||||||").
             The game lasted 00:01:17 (124 turns).

coffeetime the Grappler (Troll Berserker)            Turns: 124, Time: 00:01:19

Health: -10/80     AC:  4    Str: 28    XL:     7   Next: 66%
Magic:  6/6        EV: 15    Int:  3    God:    Trog [****..]
Gold:   0          SH:  0    Dex: 12    Spells: 6/6 levels left

rFire   . .          .
                       - Unarmed
rCold   . . .        (no shield)
rNeg    . . .        a - +0 animal skin
rPois   .            (helmet restricted)
rElec   .            (no cloak)
rCorr   .            (gloves unavailable)
SInv    .            (boots unavailable)
Will    ++...        (no amulet)
Stlth   +            j - +2 ring of evasion
HPRegen 2.13/turn    k - +3 ring of dexterity
MPRegen 0.10/turn

%: no teleportation
@: strong-willed, on berserk cooldown, regenerating, slowed, very slow
A: large, unfitting armour, claws 3, regeneration 1, shaggy fur 1, tough skin 1
a: Renounce Religion, Berserk, Trog's Hand, Brothers in Arms


You were in the Dungeon.
You worshipped Trog.
Trog was greatly pleased with you.
You visited 1 branch

Inventory:

Armour
 a - a +0 animal skin (worn)
Jewellery
 j - a +2 ring of evasion (left claw)
 k - a +3 ring of dexterity (right claw)
Wands
 i - a wand of iceblast (10)
Scrolls
 g - 2 scrolls of blinking
Potions
 b - 5 potions of curing
 c - 3 potions of heal wounds
 d - a potion of haste
 e - 4 potions of magic
 f - a potion of berserk rage
 h - a potion of invisibility


   Skills:
 + Level 8.1 Fighting
 + Level 8.7 Dodging
 + Level 10.8 Unarmed Combat


You had 6 spell levels left.
You didn't know any spells.
Your spell library was empty.

Dungeon Overview and Level Annotations

Branches:
Dungeon (1/1)

Altars:
Cheibriados
Dithmenos
Elyvilon
Fedhas
Gozag
Hepliaklqana
Kikubaaqudgha
Makhleb
Nemelex Xobeh
Okawaru
Qazlal
Ru
Sif Muna
Trog
Uskayaw
Vehumet
Wu Jian
Xom
Yredelemnul
Zin
The Shining One
Jiyva
Lugonu


Innate Abilities, Weirdness & Mutations

You are too large for most types of armour.
You have claws for hands.
Your natural rate of healing is unusually fast.
You are covered in fur. (AC +1)
You have tough skin. (AC +1)


Message History

You kill the iron imp!
The iron imp disappears in a puff of smoke!
The kobold demonologist looks braver for a moment.
You miss the quasit. The quasit bites you.
The quasit claws you but does no damage.
The quasit closely misses you.
You closely miss the quasit.
You feel yourself speed up.
The kobold demonologist mumbles some strange words.
The quasit closely misses you.
The quasit claws you but does no damage.
The quasit closely misses you.
You mangle the quasit!!
You kill the quasit!
The quasit disappears in a puff of smoke!
The kobold demonologist mumbles some strange words.
You barely miss the ufetubus. The ufetubus misses you. The ufetubus hits you.
The iron imp laughs crazily.
You claw the ufetubus!
You kill the ufetubus!
The ufetubus disappears in a puff of smoke!
You miss the sun demon. The sun demon misses you.
You barely miss the sun demon. You barely miss the sun demon.
Your claw misses the sun demon.
You are no longer berserk.
You are exhausted.
You feel yourself slow down. The sun demon barely misses you.
You barely miss the sun demon. The sun demon hits you!!
You are engulfed in flames!!
* * * LOW HITPOINT WARNING * * *
You mangle the sun demon!!
The sun demon is severely wounded.
The sun demon closely misses you. The sun demon hits you.
You are engulfed in flames!
* * * LOW HITPOINT WARNING * * *
You scratch the sun demon but do no damage.
The sun demon is heavily wounded.
The kobold demonologist looks braver for a moment.
The sun demon hits you!!
You die...

▓.▓
▓?▓
▓)▓
▓.▓
▓[▓
▓[▓
▓[▓
▓.▓
▓@▓
▓3▓
▓5▓
▓K▓
▓9▓
▓o▓
▓.▓
▓.▓


You could see a sun demon (summoned), a kobold demonologist, an orc warrior, a
gargoyle and an iron imp (summoned).

Vanquished Creatures
  A troll (D)
  A wraith (D)
  A yak (D)
  A black bear (D)
  2 centaurs (D)
  A phantom (D)
  An adder (D)
  A giant cockroach (D)
  A ball python (D)
  A frilled lizard (D)
  2 rats (D)
13 creatures vanquished.

Notes
Turn   | Place    | Note
-------+----------+-------------------------------------------
     0 | D        | coffeetime the Troll Berserker began the quest for the Orb.
     0 | D        | Reached XP level 1. HP: 22/22 MP: 0/0
     9 | D        | Reached ** piety under Trog
    19 | D        | Noticed a centaur
    19 | D        | Noticed a black bear
    19 | D        | Noticed a centaur
    19 | D        | Noticed a phantom
    23 | D        | Killed a centaur
    24 | D        | Reached skill level 5 in Unarmed Combat
    24 | D        | Reached XP level 2. HP: 23/33 MP: 1/1
    24 | D        | Reached XP level 3. HP: 28/40 MP: 2/2
    24 | D        | Reached XP level 4. HP: 35/49 MP: 3/3
    26 | D        | Killed a black bear
    27 | D        | Reached skill level 5 in Fighting
    27 | D        | Reached skill level 5 in Dodging
    27 | D        | Reached skill level 7 in Unarmed Combat
    27 | D        | Reached XP level 5. HP: 40/57 MP: 4/4
    30 | D        | Killed a centaur
    30 | D        | Reached *** piety under Trog
    33 | D        | Killed a phantom
    34 | D        | Reached skill level 8 in Unarmed Combat
    34 | D        | Reached XP level 6. HP: 50/68 MP: 5/5
    55 | D        | Found a snail-covered altar of Cheibriados.
    55 | D        | Found a shadowy altar of Dithmenos.
    55 | D        | Found a white marble altar of Elyvilon.
    55 | D        | Found a blossoming altar of Fedhas.
    55 | D        | Found an opulent altar of Gozag.
    56 | D        | Found a hazy altar of Hepliaklqana.
    57 | D        | Found a viscous altar of Jiyva.
    58 | D        | Found an ancient bone altar of Kikubaaqudgha.
    59 | D        | Found a corrupted altar of Lugonu.
    60 | D        | Found a burning altar of Makhleb.
    61 | D        | Found a sparkling altar of Nemelex Xobeh.
    62 | D        | Found an iron altar of Okawaru.
    63 | D        | Found a stormy altar of Qazlal.
    64 | D        | Found a sacrificial altar of Ru.
    65 | D        | Found a shimmering blue altar of Sif Muna.
    66 | D        | Found a bloodstained altar of Trog.
    67 | D        | Found a hide-covered altar of Uskayaw.
    68 | D        | Found a radiant altar of Vehumet.
    69 | D        | Found an ornate altar of the Wu Jian Council.
    70 | D        | Found a shimmering altar of Xom.
    71 | D        | Found a basalt altar of Yredelemnul.
    72 | D        | Found a glowing silver altar of Zin.
    73 | D        | Found a glowing golden altar of the Shining One.
    99 | D        | Noticed a wraith
    99 | D        | Noticed a yak
    99 | D        | Noticed a troll
    99 | D        | Noticed a kobold demonologist
    99 | D        | Noticed a gargoyle
    99 | D        | Noticed an orc warrior
   105 | D        | Killed a wraith
   106 | D        | Reached skill level 9 in Unarmed Combat
   107 | D        | Killed a yak
   107 | D        | Reached **** piety under Trog
   108 | D        | Reached skill level 10 in Unarmed Combat
   108 | D        | Reached XP level 7. HP: 79/79 MP: 6/6
   111 | D        | Killed a troll
   117 | D        | Noticed a sun demon
   124 | D        | Mangled by a sun demon

Illustrated notes

Levels and vault maps discovered:
D:        linesprint [early_d, line_temple, items_1, d_10, items_2, lair_1,
          lair_end, items_3, orc_1, orc_end, items_4, d_15, swamp_1, shoals_1,
          snake_1, spider_1, d_20, vaults_1, items_5, swamp_end, shoals_end,
          snake_end, spider_end, vaults_end, d_27, items_6, zot_1, zot_end,
          crypt_end, forest_end, elf_end, slime_end, tomb_end, abyss_end,
          pan_hell_end]

Skill      XL: |  1  2  3  4  5  6  7 |
---------------+----------------------+-----
Fighting       | 4 5 6 7 8 |  8.1
Dodging        | 4 5 7 8 |  8.7
Unarmed Combat | 5 7 8 10 | 10.8

Action                     |  1- 3 |  4- 6 |  7- 9 || total
---------------------------+-------+-------+-------++-------
  Melee: Unarmed           |    10 |    15 |    17 ||    42
 Invoke: Berserk           |     1 |     1 |       ||     2
         Trog's Hand       |     1 |     1 |       ||     2
 Armour: Animal skin       |     1 |     3 |     3 ||     7
  Dodge: Dodged            |     9 |     6 |    10 ||    25

Table legend: (Time is in decaauts)
 A = Elapsed time spent in this place.
 B = Non-inter-level travel time spent in this place.
 C = Inter-level travel time spent in this place.
 D = Time resting spent in this place.
 E = Time spent auto-exploring this place.
 F = Levels seen in this place.
 G = Mean time per level.
                   A        B        C        D        E       F      G
               +--------+--------+--------+--------+--------+-----+--------+
         Total |    125 |    125 |      0 |     25 |      0 |   1 |  125.0 |
       Dungeon |    125 |    125 |      0 |     25 |      0 |   1 |  125.0 |
               +--------+--------+--------+--------+--------+-----+--------+

Top non-repeatable levels by time:
       D: 125 daAuts
